 Dungeon Crawl Stone Soup version 0.28.0 (webtiles) character file.

Game seed: 12190371600086967907

2 Nonny the Digger (level 1, -2/9 HPs)
             Began as a Vine Stalker Earth Elementalist on Feb 6, 2022.
             Slain by a quokka (3 damage)
             ... on level 1 of the Dungeon.
             The game lasted 00:02:03 (138 turns).

Nonny the Digger (Vine Stalker Earth Elementalist)   Turns: 138, Time: 00:02:04

Health: -2/9       AC:  2    Str: 10    XL:     1   Next: 40%
Magic:  0/4        EV: 12    Int: 15    God:
Gold:   8          SH:  0    Dex: 14    Spells: 2/4 levels left

rFire   . . .      SeeInvis .   (no weapon)
rCold   . . .      Faith    .   (no shield)
rNeg    . . .      Spirit   +   b - +0 robe
rPois   .          Reflect  .   (no helmet)
rElec   .          Harm     .   (no cloak)
rCorr   .          Rampage  .   (no gloves)
Will    .....                   (no boots)
Stlth   ++........              (no amulet)
HPRegen 0.03/turn               (no ring)
MPRegen 0.09/turn               (no ring)

@: no status effects
A: fangs 2, magic shield, antimagic bite, no potion heal 2
a: no special abilities


You were on level 1 of the Dungeon.
You visited 1 branch of the dungeon, and saw 1 of its levels.

You collected 8 gold pieces.

Inventory:

Missiles
 c - 29 stones
Armour
 b - a +0 robe (worn)


   Skills:
 + Level 1.5 Dodging
 * Level 2.5 Stealth
 + Level 2.2 Spellcasting
 - Level 1.0 Transmutations
 + Level 3.1 Earth Magic


You had 2 spell levels left.
You knew the following spells:

 Your Spells              Type           Power      Damage    Failure   Level
a - Sandblast             Erth           20%        2d7       6%          1
b - Pain                  Necr           4%         1d4       22%         1

Your spell library contained the following spells:

 Spells                   Type           Power      Damage    Failure   Level
 Passwall                 Tmut/Erth      5%         N/A       14%         2
 Stone Arrow              Conj/Erth      12%        3d7       34%         3
 Petrify                  Tmut/Erth      7%         N/A       67%         4
 Agony                    Necr           1%         N/A       99%         5
 Excruciating Wounds      Necr           0%         N/A       99%         5


Dungeon Overview and Level Annotations

Branches:
Dungeon (1/15)

Altars:


Innate Abilities, Weirdness & Mutations

You have extremely sharp teeth.
When hurt, damage is shared between your health and your magic reserves.
Your bite disrupts and absorbs the magic of your enemies.
Potions cannot restore your health.


Message History

You hit the endoplasm.
You bite the endoplasm, but do no damage.
The endoplasm is almost dead.
The endoplasm barely misses you.
You hit the endoplasm.
You kill the endoplasm!
A goblin comes into view. It is wielding a +0 dagger.
The goblin shouts!
Casting: Pain (safe; 22% risk of failure)
Confirm with . or Enter, or press ? or * to list all spells.
Aiming: Pain (safe; 22% risk of failure)
Press: ? - help, Shift-Dir - straight line, f - goblin
Aim: a goblin, wielding a +0 dagger (chance to affect: 53%)
The goblin resists with significant effort.
A quokka comes into view.
Casting: Pain (safe; 22% risk of failure)
Confirm with . or Enter, or press ? or * to list all spells.
Aiming: Pain (safe; 22% risk of failure)
Press: ? - help, Shift-Dir - straight line, f/p - goblin
Aim: a goblin, wielding a +0 dagger (chance to affect: 53%)
The goblin resists with significant effort.
Casting: Pain (safe; 22% risk of failure)
Confirm with . or Enter, or press ? or * to list all spells.
Aiming: Sandblast (safe; 6% risk of failure)
Press: ? - help, Shift-Dir - straight line, f/p - goblin
Aim: a goblin, wielding a +0 dagger (74% to hit)
The blast of sand hits the goblin.
You kill the goblin!
Casting: Sandblast (safe; 6% risk of failure)
Confirm with . or Enter, or press ? or * to list all spells.
Aiming: Pain (safe; 22% risk of failure)
Press: ? - help, Shift-Dir - straight line, f - quokka
Aim: a quokka (chance to affect: 53%)
The quokka writhes in agony.
The quokka bites you.
* * * LOW HITPOINT WARNING * * *
Unknown command.
You hit the quokka but do no damage.
The quokka is moderately wounded.
The quokka bites you.
You die...

#...................
#######.###.........
#.####.#####♣♣♣ #..# #.#
♣♣♣♣8♣♣♣♣
#..###.#♣♣.......♣♣
#......♣♣.♣♣♣♣♣♣♣.♣ .
#.#..#♣♣.♣♣.....♣♣.
...####.#r.#♣.♣♣..♣♣♣♣.♣♣
........@#.#♣.♣.♣♣...♣♣.♣
.......#.#.♣♣.♣.♣8.♣♣.♣.♣
...........♣8.♣.♣♣.8♣.♣.♣
...........♣♣.♣....♣♣.♣.♣
...........>♣.♣8♣♣♣..♣♣.♣
........#...♣.♣♣♣)..♣♣.♣♣
........#...♣♣...♣♣♣♣.♣♣.
........#....♣♣8♣♣...♣♣.♣
######.#.....♣♣♣<.♣♣♣.♣♣


You could see a quokka.

Vanquished Creatures
  An endoplasm (D:1)
  A goblin (D:1)
2 creatures vanquished.

Notes
Turn   | Place    | Note
-------+----------+-------------------------------------------
     0 | D:1      | Nonny the Vine Stalker Earth Elementalist began the quest
                  | for the Orb.
     0 | D:1      | Reached XP level 1. HP: 9/9 MP: 4/4
    84 | D:1      | Starting vault: spiral tree trail
    89 | D:1      | I think it's meant to be shaped like @.
    96 | D:1      | Book of Pain
   100 | D:1      | Learned a level 1 spell: Pain
   138 | D:1      | Slain by a quokka

Illustrated notes ♣8.♣.♣♣.8♣.♣.♣.8♣ ♣♣.♣....♣♣.♣.♣.♣♣ ♣.♣8♣♣♣..♣♣.♣.♣ . ♣.♣♣♣)..♣♣.♣♣.♣ .. ♣♣...♣♣♣♣.♣♣.♣♣... ♣♣8♣♣...♣♣.♣♣... . ♣♣♣<.♣♣♣.♣♣..# #..♣♣♣♣♣..♣♣..# #.....@......# ...###...(.#### ####### Turn 84 on D:1: Starting vault: spiral tree trail ♣♣.♣.♣8.♣♣.♣.♣.♣♣ ..:..♣8.♣.♣♣.8♣.♣.♣.8♣ .....♣♣.♣....♣♣.♣.♣.♣♣ ....>♣.♣8♣♣♣..♣♣.♣.♣ . #...♣.♣♣♣)..♣♣.♣♣.♣ .. #...♣♣...♣♣♣♣.♣♣.♣♣... #....♣♣8♣♣...♣♣.♣♣... #.....♣♣♣<.♣♣♣.♣♣..# #@.♣♣♣♣♣..♣♣..# #............# .......###...(.#### ######## ####### Turn 89 on D:1: I think it's meant to be shaped like

@. ♣♣♣ #J ♣♣♣♣8♣♣♣♣ #.
## ♣♣.......♣♣ #. ...
♣♣.♣♣♣♣♣♣♣.♣ . #.
..#♣♣.♣♣.....♣♣.
..####.#..#♣.♣♣..♣♣♣♣.♣♣
........#.#♣.♣.♣♣...♣♣.♣
......#.#.♣♣.♣.♣8.♣♣.♣.♣
.......@..♣8.♣.♣♣.8♣.♣.♣
..........♣♣.♣....♣♣.♣.♣
..........>♣.♣8♣♣♣..♣♣.♣
.......#...♣.♣♣♣)..♣♣.♣♣
.......#...♣♣...♣♣♣♣.♣♣.
.......#....♣♣8♣♣...♣♣.♣
######.#.....♣♣♣<.♣♣♣.♣♣
#.#####..♣♣♣♣♣..♣♣. #.
#............


Turn 96 on D:1: Book of Pain

Levels and vault maps discovered:
D:1:      nagdon_arrival_double_spiral, layout_basic,
          shapermc_ecumenical_altar_mp_ritualfount, minmay_tromino_v4_c

Action                   || total
-------------------------++-------
Melee: Unarmed           ||     3
       Bite              ||     1
 Cast: Pain              ||     6
       Sandblast         ||     1
Dodge: Dodged            ||     1
